 Dungeon Sprint DCSS version 0.29-a0-542-g075992c915 (webtiles) character file.

Game seed: 17177210854601251700

2780 mhtbhm the Black Belt (level 10, -4/81 HPs)
             Began as a Meteoran Transmuter on June 4, 2022.
             Was a High Priest of Okawaru.
             Slain by a catoblepas (12 damage)
             ... while petrified by a catoblepas
             ... in the Dungeon (Sprint IX: "|||||||||||||||||||||||||||||").
             The game lasted 00:05:14 (1186 turns).

mhtbhm the Black Belt (Meteoran Transmuter)         Turns: 1186, Time: 00:05:15

Health: -4/81      AC:  5    Str: 17    XL:     10   Next: 21%
Magic:  26/26      EV:  2    Int: 15    God:    Okawaru [*****.]
Gold:   0          SH:  0    Dex: 17    Spells: 22/32 levels left

rFire   . . .      SeeInvis .     - Unarmed
rCold   . . .      Faith    .   (no shield)
rNeg    + + +      Spirit   .   a - +0 robe
rPois   ∞          Reflect  .   (no helmet)
rElec   .          Harm     .   i - +0 cloak
rCorr   .          Rampage  .   (no gloves)
Will    +....      NoTele   +   (no boots)
Stlth   +.........              (no amulet)
HPRegen 0.23/turn               j - +3 ring of strength
MPRegen 0.20/turn               k - +2 ring of protection

@: petrified, glowing
A: sense surroundings 2, otherworldly, glowing, explore regen
a: Renounce Religion, Heroism, Finesse


You were in the Dungeon.
You worshipped Okawaru.
Okawaru was extremely pleased with you.
You visited 1 branch

Inventory:

Armour
 a - a +0 robe (worn)
 i - a +0 cloak (worn)
Jewellery
 j - a +3 ring of strength (left hand)
 k - a +2 ring of protection (right hand)
Wands
 g - a wand of acid (6)
Scrolls
 e - 2 scrolls of amnesia
Potions
 b - a potion of lignification
 c - 5 potions of curing
 d - a potion of heal wounds
 f - 4 potions of magic


   Skills:
 + Level 5.1 Fighting
 + Level 10.2 Dodging
 - Level 2.7 Stealth
 + Level 16.3 Unarmed Combat
 + Level 11.9 Spellcasting
 + Level 10.3 Transmutations
 + Level 0.3 Ice Magic
 + Level 2.9 Poison Magic
 * Level 4.3 Invocations
 + Level 4.0 Evocations


You had 22 spell levels left.
You knew the following spells:

 Your Spells              Type           Power      Damage    Failure   Level
a - Beastly Appendage     Tmut           80%        N/A       1%          1
b - Wereblood             Tmut           40%        N/A       1%          2
c - Spider Form           Tmut/Pois      28%        N/A       1%          3
d - Ice Form              Ice/Tmut       25%        N/A       9%          4

Your spell library contained the following spells:

 Spells                   Type           Power      Damage    Failure   Level


Dungeon Overview and Level Annotations

Branches:
Dungeon (1/1)

Altars:
Cheibriados
Dithmenos
Elyvilon
Fedhas
Gozag
Hepliaklqana
Kikubaaqudgha
Makhleb
Nemelex Xobeh
Okawaru
Qazlal
Ru
Sif Muna
Trog
Uskayaw
Vehumet
Wu Jian
Xom
Yredelemnul
Zin
The Shining One
Beogh
Jiyva
Lugonu


Innate Abilities, Weirdness & Mutations

You passively map the area around you.
You are easily found by Zot.
You glow in the dark.
You regain HP and MP as you explore.


Message History

The catoblepas gores you!!
* * * LOW HITPOINT WARNING * * *
The catoblepas gores you!
* * * LOW HITPOINT WARNING * * *
The catoblepas breathes a plume of calcifying dust at you.
The blast of calcifying dust hits you!
* * * LOW HITPOINT WARNING * * *
You turn to flesh and can move again.
You are engulfed in calcifying dust.
The catoblepas attacks as you move away!
The catoblepas closely misses you.
You are engulfed in calcifying dust.
Items here: ))) [.
You are engulfed in calcifying dust.
You are slowing down.
Your primal bloodlust has ended.
There is an open door to the Dungeon here.
Unknown command.
Unknown command.
What are your orders? t - Shout!
Orders for allies: a - Attack new target. r - Retreat! s - Stop attacking. g - Guard the area. f - Follow me.
Anything else - Cancel.
Okay, then.
Blink to where?
Press: ? - help, Dir - move target Really blink into that cloud of calcifying dust?
As you read the scroll of blinking, it crumbles to dust.
You are engulfed in calcifying dust.
Your limbs have turned to stone.
You have turned to stone.
The catoblepas breathes a plume of calcifying dust at you.
The blast of calcifying dust hits you!
* * * LOW HITPOINT WARNING * * *
You are engulfed in calcifying dust.
The catoblepas gores you.
* * * LOW HITPOINT WARNING * * *
You are engulfed in calcifying dust.
The catoblepas gores you.
* * * LOW HITPOINT WARNING * * *
You are engulfed in calcifying dust.
The catoblepas gores you!!
You die...

+*,
,
▓_▓
, ,
* *
▓†▓
*
▓!▓
* *
▓.▓
,* ,
,▓)▓
* *
▓.▓
* ∩*
,▓§▓
, *
▓§▓
,*
▓@▓
, ,
▓Y▓
, *
* *
▓l▓
*, *
,▓'▓
* ,
▓)▓
, *
*
,▓.▓
, *
+
▓.▓
, *
▓)▓
* *
▓l▓


You could see a catoblepas and a basilisk.

Vanquished Creatures
  A boulder beetle (D)
  A two-headed ogre (D)
  A komodo dragon (D)
  2 trolls (D)
  A wind drake (shapeshifter) (D)
  A yak (D)
  A steam dragon (D)
  2 orc warriors (D)
  A black bear (D)
  An ogre (D)
  An iguana (D)
  An orc wizard (D)
  A white imp (D)
  A ball python (D)
  A jackal (D)
  A bat (D)
  A kobold (D)
  A rat (D)
20 creatures vanquished.

Notes
Turn   | Place    | Note
-------+----------+-------------------------------------------
     0 | D        | mhtbhm the Meteoran Transmuter began the quest for the Orb.
     0 | D        | Reached XP level 1. HP: 16/16 MP: 5/5
    17 | D        | Reached skill level 4 in Unarmed Combat
    20 | D        | Reached XP level 2. HP: 14/23 MP: 6/6
   152 | D        | Noticed a black bear
   152 | D        | Noticed an ogre
   157 | D        | Reached skill level 6 in Unarmed Combat
   157 | D        | Reached XP level 3. HP: 28/28 MP: 6/9
   160 | D        | Reached skill level 7 in Unarmed Combat
   160 | D        | Reached XP level 4. HP: 35/35 MP: 6/11
   245 | D        | Learned a level 2 spell: Wereblood
   249 | D        | Learned a level 3 spell: Spider Form
   254 | D        | Learned a level 4 spell: Ice Form
   264 | D        | Killed a black bear
   265 | D        | Reached skill level 5 in Dodging
   265 | D        | Reached skill level 9 in Unarmed Combat
   265 | D        | Reached skill level 5 in Spellcasting
   265 | D        | Reached skill level 5 in Transmutations
   265 | D        | Reached XP level 5. HP: 30/41 MP: 7/14
   268 | D        | Killed an ogre
   269 | D        | Reached skill level 10 in Unarmed Combat
   269 | D        | Reached XP level 6. HP: 39/48 MP: 7/16
   281 | D        | Found a snail-covered altar of Cheibriados.
   281 | D        | Found a shadowy altar of Dithmenos.
   281 | D        | Found a white marble altar of Elyvilon.
   281 | D        | Found a blossoming altar of Fedhas.
   281 | D        | Found an opulent altar of Gozag.
   282 | D        | Found a hazy altar of Hepliaklqana.
   283 | D        | Found a viscous altar of Jiyva.
   284 | D        | Found an ancient bone altar of Kikubaaqudgha.
   285 | D        | Found a corrupted altar of Lugonu.
   286 | D        | Found a burning altar of Makhleb.
   287 | D        | Found a sparkling altar of Nemelex Xobeh.
   288 | D        | Found an iron altar of Okawaru.
   289 | D        | Found a stormy altar of Qazlal.
   290 | D        | Found a sacrificial altar of Ru.
   291 | D        | Found a shimmering blue altar of Sif Muna.
   292 | D        | Found a bloodstained altar of Trog.
   293 | D        | Found a hide-covered altar of Uskayaw.
   294 | D        | Found a radiant altar of Vehumet.
   295 | D        | Found an ornate altar of the Wu Jian Council.
   296 | D        | Found a shimmering altar of Xom.
   297 | D        | Found a basalt altar of Yredelemnul.
   298 | D        | Found a glowing silver altar of Zin.
   299 | D        | Found a glowing golden altar of the Shining One.
   318 | D        | Became a worshipper of Warmaster Okawaru
   356 | D        | Noticed an orc warrior
   356 | D        | Noticed a troll
   356 | D        | Noticed a two-headed ogre
   356 | D        | Noticed an orc warrior
   356 | D        | Noticed a yak
   356 | D        | Noticed a steam dragon
   362 | D        | Killed an orc warrior
   363 | D        | Reached skill level 1 in Stealth
   363 | D        | Reached skill level 11 in Unarmed Combat
   363 | D        | Reached XP level 7. HP: 45/56 MP: 12/18
   363 | D        | Killed a troll
   363 | D        | Reached * piety under Okawaru
   364 | D        | Reached skill level 12 in Unarmed Combat
   364 | D        | Reached skill level 1 in Poison Magic
   364 | D        | Reached skill level 1 in Evocations
   365 | D        | Reached XP level 8. HP: 54/63 MP: 12/21
   367 | D        | Killed a two-headed ogre
   367 | D        | Reached ** piety under Okawaru
   368 | D        | Reached skill level 14 in Unarmed Combat
   368 | D        | Reached skill level 10 in Spellcasting
   368 | D        | Gained mutation: You passively map the area around you.
                  | [Meteoran growth]
   368 | D        | Reached XP level 9. HP: 53/71 MP: 13/24
   369 | D        | Reached *** piety under Okawaru
   621 | D        | Noticed a wind drake
   621 | D        | Noticed a komodo dragon
   621 | D        | Noticed a troll
   621 | D        | Noticed a catoblepas
   621 | D        | Noticed a boulder beetle
   926 | D        | Noticed a black mamba
   928 | D        | Noticed a wind drake
   928 | D        | a black mamba changed into a wind drake
   939 | D        | Killed a boulder beetle
   939 | D        | Reached **** piety under Okawaru
   940 | D        | Reached skill level 15 in Unarmed Combat
   965 | D        | Killed a wind drake
   966 | D        | Reached skill level 10 in Dodging
   966 | D        | Reached XP level 10. HP: 40/80 MP: 26/26
  1145 | D        | Killed a komodo dragon
  1146 | D        | Reached skill level 5 in Fighting
  1146 | D        | Reached skill level 16 in Unarmed Combat
  1146 | D        | Reached skill level 10 in Transmutations
  1153 | D        | Reached ***** piety under Okawaru
  1186 | D        | Slain by a catoblepas

Illustrated notes

Levels and vault maps discovered:
D:        linesprint [early_d, line_temple, items_1, d_10, items_2, lair_1,
          lair_end, items_3, orc_1, orc_end, items_4, d_15, swamp_1, shoals_1,
          snake_1, spider_1, d_20, vaults_1, items_5, swamp_end, shoals_end,
          snake_end, spider_end, vaults_end, d_27, items_6, zot_1, zot_end,
          crypt_end, forest_end, elf_end, slime_end, tomb_end, abyss_end,
          pan_hell_end]

Skill      XL: |  1  2  3  4  5  6  7  8  9 10 |
---------------+-------------------------------+-----
Transmutations | 3 4 5 6 7 8 9 10 | 10.3
Unarmed Combat | 4 6 7 9 10 11 12 14 15 16 | 16.3
Dodging        | 3 4 5 6 7 9 10 | 10.2
Spellcasting   | 3 4 5 6 7 8 10 11 | 11.9
Fighting       | 2 3 4 5 |  5.1
Stealth        | 1 2 |  2.7
Poison Magic   | 1 2 |  2.9
Evocations     | 1 2 3 4 |  4.0
Invocations    | 2 4 |  4.3
Ice Magic      | |  0.3

Action                   |  1- 3 |  4- 6 |  7- 9 | 10-12 || total
-------------------------+-------+-------+-------+-------++-------
Melee: Unarmed           |    19 |    12 |    30 |    10 ||    71
       Kick              |     5 |       |       |       ||     5
       Punch             |     1 |     1 |       |       ||     2
       Headbutt          |     1 |       |       |       ||     1
 Cast: Beastly Appendage |     2 |     1 |       |       ||     3
       Wereblood         |       |     2 |     2 |     1 ||     5
       Spider Form       |       |     1 |     1 |     1 ||     3
       Ice Form          |       |     1 |     1 |       ||     2
Evoke: Wand              |       |     3 |     1 |       ||     4
  Use: Potion            |     1 |     3 |       |       ||     4
       Scroll            |       |       |     1 |     1 ||     2
Armor: Robe              |     1 |     3 |       |       ||     4
       Skin              |       |       |     3 |     4 ||     7
Dodge: Dodged            |    10 |     9 |    15 |     8 ||    42

Table legend: (Time is in decaauts)
 A = Elapsed time spent in this place.
 B = Non-inter-level travel time spent in this place.
 C = Inter-level travel time spent in this place.
 D = Time resting spent in this place.
 E = Time spent auto-exploring this place.
 F = Levels seen in this place.
 G = Mean time per level.
                   A        B        C        D        E       F      G
               +--------+--------+--------+--------+--------+-----+--------+
         Total |   1165 |   1164 |      1 |    914 |      0 |   1 | 1165.0 |
       Dungeon |   1165 |   1164 |      1 |    914 |      0 |   1 | 1165.0 |
               +--------+--------+--------+--------+--------+-----+--------+

Top non-repeatable levels by time:
       D: 1165 daAuts
